 Dungeon Crawl Stone Soup version 0.17-a0-2115-g0d8b93e (webtiles) character file.

2065 Maka the Carver (level 9, -17/55 HPs)
             Began as a Halfling Fighter on Oct 20, 2015.
             Demolished by a hill giant
             ... wielding a +0 giant spiked club
              (22 damage)
             ... on level 6 of the Dungeon.
             The game lasted 00:12:28 (5482 turns).

Maka the Carver (Halfling Fighter)                  Turns: 5482, Time: 00:12:28

Health: -17/55     AC: 12    Str: 21    XL:     9   Next: 50%
Magic:  9/9        EV: 17    Int:  7    God:
Gold:   447        SH: 10    Dex: 22    Spells: 0 memorised, 8 levels left

rFire  . . .     SeeInvis +     a - +0 scimitar
rCold  . . .     Clarity  .     j - +0 ring mail "Ozxido Qeikk" {rCorr Str+5} (curse)
rNeg   . . .     SustAt   .     l - +2 buckler
rPois  .         Gourm    .     v - +0 helmet
rElec  .         Spirit   .     I - +0 cloak
rCorr  +         Warding  .     E - +0 pair of gloves
rMut   .         Stasis   .     u - +1 pair of boots
MR     .....                    (no amulet)
Stlth  ++........               (no ring)
                                o - ring of see invisible

@: agile, not resistant to hostile enchantments, unstealthy
A: mutation resistance 1
a: no special abilities


You were on level 6 of the Dungeon.
You were not hungry.

You visited 1 branch of the dungeon, and saw 6 of its levels.

You collected 447 gold pieces.

Inventory:

Hand Weapons
 a - a +0 scimitar (weapon)
 s - a +1 long sword
Missiles
 i - a throwing net (quivered)
Armour
 j - the cursed +0 ring mail "Ozxido Qeikk" (worn) {rCorr Str+5}
   (You found it on level 6 of the Dungeon)

   It affects your strength (+5).
   It protects you from acid and corrosion.
   It has a curse placed upon it.
 l - a +2 buckler (worn)
 u - a +1 pair of boots (worn)
 v - a +0 helmet (worn)
 E - a +0 pair of gloves (worn)
 I - a +0 cloak (worn)
Jewellery
 o - a ring of see invisible (left hand)
Wands
 y - a wand of cold (6)
 B - a wand of random effects (30)
Scrolls
 b - a scroll of enchant weapon
 c - 2 scrolls of fear
 h - 6 scrolls of remove curse
 q - a scroll of recharging
 t - a scroll of enchant armour
 F - a scroll of magic mapping
Potions
 d - a potion of might
 f - a potion of agility
 g - 2 potions of lignification
 k - a potion of resistance {unknown}
 m - a potion of beneficial mutation {unknown}
 r - a potion of poison {unknown}
 w - 3 potions of curing
 x - a potion of brilliance {unknown}
 C - a potion of degeneration {unknown}
 G - a potion of berserk rage {unknown}
Comestibles
 e - 10 bread rations
 n - 5 fruits
 p - 3 meat rations
 z - a beef jerky
 A - a slice of pizza
 D - a royal jelly
 H - 2 chunks of flesh


   Skills:
 - Level 2.6 Fighting
 - Level 10.0 Long Blades
 + Level 5.0 Armour
 - Level 7.1 Shields


You had 8 spell levels left.
You didn't know any spells.

Dungeon Overview and Level Annotations

Branches:
Dungeon (6/15)
 Temple: D:4-7

Altars:
Fedhas
Makhleb
Qazlal
Vehumet
Yredelemnul
The Shining One

Shops:
D:5 *(   D:6 (


Innate Abilities, Weirdness & Mutations

You are small and have problems with some larger weapons.
You are somewhat resistant to further mutation.


Message History

You slash the hill giant!
The hill giant is moderately wounded.
You slash the hill giant!
The hill giant is moderately wounded.
The hill giant hits you with a giant spiked club!
You hit the hill giant but do no damage.
The hill giant is moderately wounded.
The hill giant hits you with a giant spiked club!!
* * * LOW HITPOINT WARNING * * *
You slash the hill giant!
The hill giant is heavily wounded.
You hit the hill giant.
The hill giant is severely wounded.
You block the hill giant's attack.
You completely miss the hill giant.
The hill giant is severely wounded.
You hit the hill giant.
The hill giant is severely wounded.
The hill giant hits you with a giant spiked club!!
You die...

#.#......##.#.....#.# ##
#.#.(....###.......## #.
#####+#......# ####.....####.
#..........∩.###......#.#....
#####............##.#.....#.##...
#...'........######..#...........
....#........# #...#.....#....
.(..#........#######.#.....>.....
†...#...........@C†...........#..
....#.......#########.#########..
....#.......# #.# #..
....######### #.# #.. #.### #.#
#.. #.##### ..# #.. ......# ..#
#.. ....#.### ..# #.. #####...#
#..


You could see a hill giant.

Vanquished Creatures
  Pikel (D:5)
  A slave (D:5)
  Duvessa (D:4)
  A phantom (D:4)
  2 ogres
  The ghost of Gargoyl the Skirmisher, an amateur DsAK of Lugonu (D:4)
  Blork the orc (D:6)
  A giant frog (D:6)
  Dowan (D:4)
  A scorpion (D:6)
  A crimson imp (D:4)
  A centaur zombie (D:6)
  A giant frog zombie (D:6)
  Crazy Yiuf (D:6)
  Ijyb (D:3)
  4 hounds
  2 giant frog skeletons
  3 orc wizards
  Natasha (twice) (D:3 D:2)
  4 orc priests
  3 worker ants
  3 iguanas
  A worker ant zombie (D:6)
  2 shadow imps
  8 adders
  An ooze (D:1)
  An adder zombie (D:6)
  8 worms
  2 adder skeletons
  5 giant geckos
  10 orcs
  6 bats
  3 giant cockroaches
  4 goblins
  4 hobgoblins
  4 jackals (D:6)
  2 ball pythons
  9 giant newts
  9 kobolds
  2 quokkas
  6 rats
124 creatures vanquished.

Notes
Turn   | Place    | Note
--------------------------------------------------------------
     0 | D:1      | Maka the Halfling Fighter began the quest for the Orb.
     0 | D:1      | Reached XP level 1. HP: 15/15 MP: 1/1
   306 | D:1      | Reached XP level 2. HP: 17/20 MP: 2/2
   531 | D:2      | Reached XP level 3. HP: 25/25 MP: 3/3
   852 | D:2      | Reached skill level 4 in Long Blades
   852 | D:2      | Reached XP level 4. HP: 7/30 MP: 4/4
  1591 | D:3      | Found a blossoming altar of Fedhas.
  1634 | D:3      | Noticed Natasha
  1641 | D:3      | Killed Natasha
  1641 | D:3      | Reached XP level 5. HP: 24/35 MP: 5/5
  1708 | D:3      | Noticed Natasha
  1823 | D:2      | Killed Natasha
  1823 | D:2      | Reached skill level 5 in Long Blades
  2074 | D:3      | Reached XP level 6. HP: 30/41 MP: 6/6
  2101 | D:3      | Found a faded altar to an unknown god.
  2116 | D:3      | Noticed Ijyb
  2134 | D:3      | Killed Ijyb
  2134 | D:3      | Reached skill level 6 in Long Blades
  2654 | D:4      | Reached XP level 7. HP: 36/45 MP: 7/7
  2855 | D:4      | Reached skill level 7 in Long Blades
  2870 | D:4      | Noticed Gargoyl's ghost (amateur DsAK)
  2905 | D:4      | Killed Gargoyl's ghost
  2980 | D:4      | Noticed Duvessa
  2980 | D:4      | Noticed Dowan
  2994 | D:4      | Killed Duvessa
  3003 | D:4      | Killed Dowan
  3123 | D:4      | Reached skill level 8 in Long Blades
  3123 | D:4      | Reached XP level 8. HP: 49/51 MP: 8/8
  3500 | D:4      | Found a burning altar of Makhleb.
  3501 | D:4      | Found a radiant altar of Vehumet.
  3599 | D:5      | Entered Level 5 of the Dungeon
  3602 | D:5      | Found a stormy altar of Qazlal.
  3605 | D:5      | Found a glowing golden altar of the Shining One.
  3652 | D:5      | Found Jibuommyut's General Store.
  3702 | D:5      | Noticed Pikel
  3726 | D:5      | Killed Pikel
  3867 | D:5      | Found a basalt altar of Yredelemnul.
  3873 | D:5      | Found Bycsuhyal's Antique Weapon Shoppe.
  3955 | D:5      | Reached XP level 9. HP: 55/55 MP: 9/9
  4339 | D:5      | Reached skill level 9 in Long Blades
  4495 | D:6      | Noticed Blork the orc
  4501 | D:6      | Killed Blork the orc
  4568 | D:6      | Noticed a hill giant
  4569 | D:6      | Noticed a hill giant
  4851 | D:6      | Got a pitted ring mail
  4868 | D:5      | Identified the cursed +0 ring mail "Ozxido Qeikk" {rCorr Str+5} (You found it on level 6 of the Dungeon)
  5138 | D:6      | Noticed Crazy Yiuf
  5143 | D:6      | Killed Crazy Yiuf
  5171 | D:6      | Found Ythyhelule's Weapon Emporium.
  5218 | D:6      | Reached skill level 10 in Long Blades
  5444 | D:6      | Reached skill level 5 in Armour
  5482 | D:6      | Demolished by a hill giant

Vault maps used:
D:1:      minmay_arrival_widening_spiral_wide, lemuel_another_geyser
D:2:      grunt_ministairs_10
D:3:      fedhas_altar_fruit_tree, ecumenical_altar_2, uniq_natasha, uniq_iyjb
D:4:      grunt_temple_overflow_lords_of_destruction, first_bread, uniq_duvessa
D:5:      grunt_temple_overflow_open, yredelemnul_altar_generic, serial_shops,
          shop, nicolae_shop_statue_plus, uniq_pikel
D:6:      hangedman_cross_stitches, serial_shops, shop, st_stairs_6,
          hangedman_decor_diamond_cutter, uniq_blork_the_orc,
          uniq_crazy_yiuf_cottage

Action                   |  1- 3 |  4- 6 |  7- 9 || total
-------------------------+-------+-------+-------++-------
Melee: Long sword        |    79 |   138 |     4 ||   221
       Scimitar          |       |       |   327 ||   327
  Use: Scroll            |       |     9 |     5 ||    14
       Potion            |       |       |     1 ||     1
  Eat: Chunk             |       |     2 |     9 ||    11
       Fruit             |       |     5 |       ||     5
